 Dungeon Crawl Stone Soup version 0.29.0-4-gdea44cf6ec (webtiles) character file.

Game seed: 17323139915476347543

89 qw the Chopper (level 4, 0/26 HPs)
             Began as a Tengu Warper on Aug 28, 2022.
             Succumbed to a kobold's poison
             ... on level 3 of the Dungeon.
             The game lasted 00:00:14 (2167 turns).

qw the Chopper (Tengu Warper)                       Turns: 2167, Time: 00:00:14

Health: 0/26       AC: 10    Str: 19    XL:     4   Next: 55%
Magic:  8/8        EV:  6    Int: 13    God:
Gold:   190        SH:  0    Dex: 14    Spells: 7/7 levels left

rFire   . . .      SeeInvis .   Y - +2 hand axe
rCold   . . .      Faith    .   (no shield)
rNeg    . . .      Spirit   .   d - +0 plate armour
rPois   .          Reflect  .   (helmet restricted)
rElec   .          Harm     .   (no cloak)
rCorr   .          Rampage  .   (no gloves)
Will    .....                   (boots unavailable)
Stlth   ..........              (no amulet)
HPRegen 0.08/turn               a - +6 ring of strength
MPRegen 0.11/turn               (no ring)

@: lethally poisoned (0 -> -17)
A: beak, talons 3
a: no special abilities


You were on level 3 of the Dungeon.
You visited 1 branch of the dungeon, and saw 3 of its levels.

You collected 190 gold pieces.


Innate Abilities, Weirdness & Mutations

You have a beak for a mouth.
You have claws for feet.


   Skills:
 - Level 2.0 Fighting
 + Level 4.7 Axes
 - Level 1.0 Throwing
 - Level 2.0 Armour
 - Level 2.1 Dodging
 - Level 2.0 Spellcasting
 - Level 2.4 Translocations


You had 7 spell levels left.
You didn't know any spells.
Your spell library contained the following spells:

 Spells                   Type           Power      Damage    Failure   Level
 Blink                    Tloc           14%        N/A       99%         2
 Gell's Gravitas          Tloc           7%         N/A       100%        3
 Lesser Beckoning         Tloc           7%         N/A       100%        3
 Teleport Other           Tloc           7%         N/A       100%        3
 Manifold Assault         Tloc           7%         N/A       100%        5

Inventory:

Hand Weapons
 b - a +2 whip of draining
 Y - a +2 hand axe (weapon)
Armour
 d - a +0 plate armour (worn)
 j - a +0 cloak
Jewellery
 a - a +6 ring of strength (left hand)
 g - a ring of fire
Scrolls
 c - a scroll of vulnerability {unknown}
 f - 3 scrolls of identify
 h - a scroll of teleportation
Potions
 e - a potion of curing
 i - a potion of heal wounds {unknown}

Dungeon Overview and Level Annotations

Branches:
Dungeon (3/15)

Altars:
Cheibriados


Message History

The ball python hisses angrily.
You hit the ball python.
You kill the ball python!
A frilled lizard comes into view.
The frilled lizard hisses angrily.
You closely miss the frilled lizard. You claw the frilled lizard.
You kill the frilled lizard!
You see here a frilled lizard corpse.
A kobold comes into view.
It is wielding a +0 club and quivering poisoned darts.
The kobold shouts!
The kobold throws a poisoned dart.
The poisoned dart closely misses you.
The kobold throws a poisoned dart.
The poisoned dart hits you!
You are poisoned.
You feel very sick.
The kobold throws a poisoned dart.
The poisoned dart hits you!
You are more poisoned.
2151 ||| FLEEEEING.
You feel very sick.
You feel very sick.
You feel sick.
You feel sick.
You feel sick.
You feel sick.
You feel sick.
You see here a frilled lizard corpse.
You feel sick.
You feel sick.
You feel sick.
You are no longer poisoned.
You start resting.
A kobold is nearby!
2165 ||| FLEEEEING.
The kobold throws a poisoned dart.
The poisoned dart hits you!
You are lethally poisoned!
2166 ||| FLEEEEING.
You feel very sick.
The kobold throws a poisoned dart.
The poisoned dart hits you!
You are more poisoned.
2167 ||| FLEEEEING.
You die...

#. ########## .......###
......#.. .....#..
#######.... ....K
#.......... ....
##############......##..
. ...
#......@............##..
.. ...
#K############......##.#
... #.# #.# #......##.#
.. #.# #.# #.........#
...#.#.###.###
#.....#####
.............# ###.###
###..........# #.#
#..........# #.#######
##+######### #........


You could see a kobold.

Vanquished Creatures
  3 adders
  2 worms (D:2)
  A dart slug (D:3)
  6 ball pythons
  7 endoplasms
  5 giant cockroaches (D:1)
  4 goblins
  8 hobgoblins
  3 bats
  4 frilled lizards
  3 kobolds
  7 rats
53 creatures vanquished.

Notes
Turn   | Place    | Note
-------+----------+-------------------------------------------
     0 | D:1      | qw the Tengu Warper began the quest for the Orb.
     0 | D:1      | Reached XP level 1. HP: 12/12 MP: 4/4
     0 | D:1      | 0 ||| qw: Version: 0.1-a-89-g26bdef1
     0 | D:1      | 0 ||| qw: Game counter: 3407
     0 | D:1      | 0 ||| qw: Always use a shield: true
     0 | D:1      | 0 ||| qw: God list: Okawaru
     0 | D:1      | 0 ||| qw: Allow faded altars: false
     0 | D:1      | 0 ||| qw: Do Orc after D:15 true
     0 | D:1      | 0 ||| qw: Do second Lair branch before Depths: true
     0 | D:1      | 0 ||| qw: Lair rune preference: random
     0 | D:1      | 0 ||| qw: Plans: Normal
     0 | D:1      | 0 ||| PLANNING D:1-11
   149 | D:1      | Reached XP level 2. HP: 17/17 MP: 6/6
   234 | D:1      | Reached skill level 3 in Axes
   760 | D:1      | Reached XP level 3. HP: 21/21 MP: 7/7
   853 | D:1      | 853 ||| UPGRADING to +0 plate armour.
   863 | D:1      | 863 ||| DROPPING +0 leather armour.
   864 | D:1      | 864 ||| DROPPING +0 ring mail.
   865 | D:1      | 865 ||| READING scroll labelled WUTYONT BOACAE.
   866 | D:1      | 866 ||| READING scroll labelled REPROO FUTUUSH.
   867 | D:1      | 867 ||| READING scroll labelled YRAOXE GOWAEQ.
   868 | D:1      | 868 ||| DRINKING 2 cyan potions.
   869 | D:1      | 869 ||| DROPPING scroll of blinking.
   927 | D:2      | 927 ||| DROPPING +0 club.
   955 | D:2      | Reached skill level 4 in Axes
  1175 | D:2      | 1175 ||| Stepping ~*~*~tactically~*~*~ (stealth).
  1178 | D:2      | 1178 ||| Stepping ~*~*~tactically~*~*~ (stealth).
  1635 | D:2      | Reached XP level 4. HP: 26/26 MP: 8/8
  1670 | D:2      | 1670 ||| DROPPING amulet of faith.
  1671 | D:2      | 1671 ||| UPGRADING to +6 ring of strength.
  1672 | D:2      | 1672 ||| READING scroll labelled XIOWNA VICSAYNG.
  1673 | D:2      | 1673 ||| READING 2 scrolls labelled ONNUIS FUKH.
  1677 | D:2      | 1677 ||| READING 3 scrolls of identify.
  1677 | D:2      | 1677 ||| IDENTIFYING bubbling brown potion
  1678 | D:2      | 1678 ||| DROPPING potion of ambrosia.
  1925 | D:3      | 1925 ||| READING scroll of enchant weapon.
  1925 | D:3      | 1925 ||| ENCHANTING +1 hand axe.
  1991 | D:3      | Found a snail-covered altar of Cheibriados.
  2011 | D:3      | Found a faded altar of an unknown god.
  2151 | D:3      | 2151 ||| FLEEEEING.
  2160 | D:3      | HP: 6/26 [poisoned by a kobold]
  2165 | D:3      | 2165 ||| FLEEEEING.
  2166 | D:3      | 2166 ||| FLEEEEING.
  2166 | D:3      | HP: 4/26 [poisoned by a kobold]
  2167 | D:3      | 2167 ||| FLEEEEING.
  2167 | D:3      | Succumbed to a kobold's poison

Levels and vault maps discovered:
D:1:      dpeg_arrival_boxorama, layout_basic, serial_aquarium,
          aquarium_bridge_straight [aquarium_subvault_bridge,
          aquarium_subvault_balcony, aquarium_subvault_bridge,
          aquarium_subvault_wall], aquarium_window_fake, aquarium_window_fake,
          aquarium_window_fake, aquarium_view_2b, aquarium_balcony_5b,
          aquarium_pool_2, item_on_display_a
D:2:      layout_loops_cross
D:3:      layout_basic, mainiacjoe_overflow_paths,
          shapermc_ecumenical_altar_mp_highgroup

Skill      XL: |  1  2  3 |
---------------+----------+-----
Axes           | 3 4 |  4.7
Armour         | 2 |  2.0
Fighting       | |  2.0
Throwing       | |  1.0
Dodging        | |  2.1
Spellcasting   | |  2.0
Translocations | |  2.4

Action                   |  1- 3 |  4- 6 || total
-------------------------+-------+-------++-------
Melee: Hand axe          |    86 |    16 ||   102
       Kick              |    28 |     3 ||    31
       Peck              |    16 |     1 ||    17
Throw: Boomerang         |     7 |       ||     7
  Use: Scroll            |     3 |     4 ||     7
       Potion            |     1 |       ||     1
Armor: Leather armour    |     9 |       ||     9
       Plate armour      |    26 |     9 ||    35
Dodge: Dodged            |    14 |     3 ||    17

Table legend:
 A = Non-vault XP
 B = Vault XP
 C = Vault XP percentage of total XP
 D = Non-vault monster count
 E = Vault monster count
 F = Vault count percentage of total count
                 A         B        C        D         E       F
            +---------+---------+-------+---------+---------+-------
      Total |     128 |       0 |   0.0 |      53 |       0 |   0.0
            +---------+---------+-------+---------+---------+-------
        D:1 |      36 |       0 |   0.0 |      21 |       0 |   0.0
        D:2 |      54 |       0 |   0.0 |      23 |       0 |   0.0
        D:3 |      38 |       0 |   0.0 |       9 |       0 |   0.0
            +---------+---------+-------+---------+---------+-------
